 Dungeon Crawl Stone Soup version 0.21-a0-221-gfe971b9 (webtiles) character file.

111 KristoblXynda the Ruffian (level 4, -4/39 HPs)
             Began as a Troll Wizard on Aug 24, 2017.
             Splashed by a jelly's acid (5 damage)
             ... on level 2 of the Dungeon.
             The game lasted 00:02:34 (979 turns).

KristoblXynda the Ruffian (Troll Wizard)             Turns: 979, Time: 00:02:34

Health: -4/39      AC: -7    Str: 15    XL:     4   Next: 62%
Magic:  7/7        EV:  9    Int: 15    God:
Gold:   73         SH:  0    Dex:  8    Spells: 7/8 levels left

rFire    . . .     SeeInvis .     - Unarmed
rCold    . . .     Gourm    +   (no shield)
rNeg     . . .     Faith    .   a - +0 robe
rPois    .         Spirit   .   b - +0 hat
rElec    .         Reflect  .   (no cloak)
rCorr    .         Harm     .   (gloves unavailable)
MR       .....                  (boots unavailable)
Stlth    +.........             (no amulet)
HPRegen  0.53/turn              (no ring)
MPRegen  0.10/turn              (no ring)

@: corroded
A: unfitting armour, claws 3, fast metabolism 3, gourmand, regeneration 1,
shaggy fur 1, tough skin 2
a: no special abilities


You were on level 2 of the Dungeon.
You were very full.

You visited 1 branch of the dungeon, and saw 2 of its levels.

You collected 73 gold pieces.

Inventory:

Armour
 a - a +0 robe (worn)
 b - a +0 hat (worn)
Scrolls
 e - a scroll of teleportation {unknown}
 h - a scroll of enchant weapon {unknown}
 i - 2 scrolls of remove curse {unknown}
 k - a scroll of enchant armour {unknown}
Potions
 f - a potion of invisibility {unknown}
 g - a potion of brilliance {unknown}
 l - 2 potions of agility {unknown}
Books
 c - a book of Minor Magic

   Spells                             Type                      Level
   a - Magic Dart                     Conjuration                  1
   b - Blink                          Translocation                2
   c - Call Imp                       Summoning                    2
   d - Slow                           Hexes                        2
   e - Conjure Flame                  Conjuration/Fire             3
   f - Mephitic Cloud                 Conjuration/Poison/Air       3
Comestibles
 d - 3 bread rations
 j - a royal jelly
 m - 3 chunks of flesh


   Skills:
 - Level 1.5 Dodging
 - Level 1.0 Stealth
 + Level 3.1 Unarmed Combat
 + Level 2.7 Spellcasting
 - Level 0.6 Conjurations
   Level 0.6 Summonings
   Level 0.6 Translocations


You had 7 spell levels left.
You knew the following spells:

 Your Spells              Type           Power        Failure   Level  Hunger
a - Magic Dart            Conj           #...         16%         1    #......


Dungeon Overview and Level Annotations

Branches:
Dungeon (2/15)

Altars:


Innate Abilities, Weirdness & Mutations

You are too large for most types of armour.
You have claws for hands.
Your metabolism is lightning-fast.
You like to eat raw meat.
Your natural rate of healing is unusually fast.
You are covered in fur. (AC +1)
You have very tough skin. (AC +2)


Message History

You claw the ooze!
You kill the ooze!
You claw the jelly!
Your claws burn!
The jelly is heavily wounded.
The jelly barely misses you.
You scratch the jelly. The acid corrodes you!
Your claws burn!
The jelly is heavily wounded.
The jelly barely misses you.
You scratch the jelly.
Your claws burn!
The jelly is almost dead.
The jelly hits you. The acid corrodes you!
You are splashed with acid!
The acid burns!
You scratch the jelly but do no damage.
Your claws burn!
The jelly is almost dead.
The jelly hits you.
* * * LOW HITPOINT WARNING * * *
You are splashed with acid!
The acid burns!
* * * LOW HITPOINT WARNING * * *
You scratch the jelly. The acid corrodes you!
Your claws burn!
You die...

.......##......# #.........
.......##......# #.........
...............###.#######.
.....#.##.#..........
.............########
##...#.####### #######
##...#############.÷...÷#
......###......##JJJ...P#
#..#..##)......#@#...÷..#
#..#..'........#†#...P.÷#
#.....'))......#.#J.JJ..#
#.....'......#'#.#.÷..PP#
#..#..##.....#.#.#J.....#
......###....#.#.#.PP÷..#
......# #######.##.....%#
###.... ### ....


You could see a jelly and 2 oozes.

Vanquished Creatures
  A jelly (D:2)
  7 oozes (D:2)
  A worm (D:2)
  2 dart slugs (D:1)
  3 bats (D:1)
  A giant cockroach (D:1)
  3 hobgoblins
  5 jackals
  3 frilled lizards (D:1)
  5 goblins (D:1)
  14 kobolds
  4 rats
49 creatures vanquished.

Vanquished Creatures (others)
  10 toadstools (D:2)
10 creatures vanquished.

Grand Total: 59 creatures vanquished

Notes
Turn   | Place    | Note
-------+----------+-------------------------------------------
     0 | D:1      | KristoblXynda the Troll Wizard began the quest for the Orb.
     0 | D:1      | Reached XP level 1. HP: 16/16 MP: 2/2
    73 | D:1      | Reached skill level 1 in Unarmed Combat
   195 | D:1      | Reached XP level 2. HP: 23/24 MP: 4/4
   533 | D:1      | Reached skill level 2 in Unarmed Combat
   533 | D:1      | Reached XP level 3. HP: 27/31 MP: 5/5
   961 | D:2      | Reached XP level 4. HP: 38/39 MP: 6/6
   963 | D:2      | Reached skill level 3 in Unarmed Combat
   978 | D:2      | HP: 1/39 [acid (9)]
   979 | D:2      | Splashed by a jelly's acid

Vault maps used:
D:1:      mainiacjoe_arrival_reflecting_pool, minmay_split_cup_small
D:2:      cheibrodos_fertilizer, minmay_pentomino_z4, uniq_natasha,
          uniq_jessica, uniq_terence

Skill      XL: |  1  2  3  4 |
---------------+-------------+-----
Unarmed Combat | 1 2 3 |  3.1
Dodging        | |  1.5
Stealth        | |  1.0
Spellcasting   | |  2.7
Conjurations   | |  0.6
Summonings     | |  0.6
Translocations | |  0.6

Action                   |  1- 3 |  4- 6 || total
-------------------------+-------+-------++-------
Melee: Unarmed           |   131 |    16 ||   147
       Punch             |     2 |       ||     2
 Stab: Sleeping          |     2 |       ||     2
  Eat: Chunk             |    14 |       ||    14
Armor: Robe              |    53 |     3 ||    56
Dodge: Dodged            |    55 |     5 ||    60

Table legend:
 A = Spawn XP
 B = Non-spawn XP
 C = Spawn XP percentage of total XP
 D = Spawn monster count
 E = Non-spawn monster count
 F = Spawn count percentage of total count
 G = Total turns spent on level
                    A         B        C        D         E        F      G
               +---------+---------+-------+---------+---------+-------+---------
         Total |       1 |     158 |   0.6 |       1 |      48 |   2.0 |   979
               +---------+---------+-------+---------+---------+-------+---------
           D:1 |       1 |      46 |   2.1 |       1 |      26 |   3.7 |   724
           D:2 |       0 |     112 |   0.0 |       0 |      22 |   0.0 |   255
               +---------+---------+-------+---------+---------+-------+---------
